 Dungeon Crawl Stone Soup version 0.30-a0-1074-g5db6f66fbb (webtiles) character file.

Game seed: 826789569450737689

170 FlurksSlurper the Vexing (level 5, -4/38 HPs)
             Began as a Demonspawn Hexslinger on Apr 14, 2023.
             Shot with an arrow by a centaur (8 damage)
             ... on level 5 of the Dungeon.
             The game lasted 00:08:04 (2933 turns).

FlurksSlurper the Vexing (Demonspawn Hexslinger)    Turns: 2933, Time: 00:08:04

Health: -4/38      AC:  3    Str: 10    XL:     5   Next: 25%
Magic:  7/7        EV: 12    Int: 14    God:
Gold:   168        SH:  0    Dex: 14    Spells: 6/7 levels left

rFire   . . .      SeeInvis .    a - +1 sling
rCold   . . .      Faith    .    (no shield)
rNeg    . . .      Spirit   .    c - +0 robe
rPois   .          Reflect  .    (helmet restricted)
rElec   .          Rampage  .    (no cloak)
rCorr   .                        (no gloves)
Will    .....                    h - +0 pair of boots
Stlth   +                        (no amulet)
HPRegen 0.26/turn                (no ring)
MPRegen 0.10/turn                (no ring)

@: flying, unable to drink
A: ignite blood 1, weakness stinger 1, horns 1, deterioration 1, dopey 1,
inability to drink after injury 1
a: no special abilities


You were on level 5 of the Dungeon.
You visited 1 branch of the dungeon, and saw 5 of its levels.

You collected 168 gold pieces.

Inventory:

Hand Weapons
 a - a +1 sling (weapon)
Armour
 c - a +0 robe (worn)
 h - a +0 pair of boots (worn)
 k - a +2 chain mail of fire resistance
Magical Staves
 b - the staff of earth "Raquo" {rElec Str+3}
   (You found it on level 3 of the Dungeon)

   [staff of earth]

   Base accuracy: +5 Base damage: 5 Base attack delay: 1.2 This weapon's minimum
   attack delay (0.6) is reached at skill level 12.
   Str:       It affects your strength (+3).
   rElec:     It insulates you from electricity.
   It falls into the 'Staves' category.
   It is a one-handed weapon.
Jewellery
 q - an amulet of guardian spirit
Scrolls
 f - a scroll of torment {unknown}
 g - a scroll of silence {unknown}
 i - a scroll of amnesia {unknown}
 j - a scroll of vulnerability {unknown}
 m - a scroll of poison
 o - a scroll of magic mapping
 r - a scroll of identify {unknown}
 s - a scroll of noise {unknown}
Potions
 d - 2 potions of curing
 e - 2 potions of mutation
 l - a potion of flight
 n - 2 potions of heal wounds


   Skills:
 * Level 1.9 Fighting
 + Level 3.7 Ranged Weapons
 + Level 1.9 Dodging
 + Level 0.2 Stealth
 * Level 1.8 Spellcasting
 * Level 3.8 Hexes


You had 6 spell levels left.
You knew the following spells:

 Your Spells              Type           Power      Damage    Failure   Level
a - Slow                  Hex            44%        N/A       4%          1

Your spell library contained the following spells:

 Spells                   Type           Power      Damage    Failure   Level
 Sting                    Tmut/Pois      4%         1d3       24%         1
 Inner Flame              Hex/Fire       6%         N/A       32%         3
 Portal Projectile        Hex/Tloc       12%        N/A       32%         3
 Poisonous Vapours        Pois/Air       2%         N/A       36%         2
 Cause Fear               Hex            5%         N/A       45%         4
 Vhi's Electric Charge    Tloc/Air       2%         N/A       58%         3
 Olgreb's Toxic Radiance  Pois           1%         N/A       94%         4
 Arcjolt                  Conj/Air       0%         1d10      100%        5
 Maxwell's Capacitive Co  Air            0%         ∞         100%        8


Dungeon Overview and Level Annotations

Branches:
Dungeon (5/15)
 Temple: D:4-7

Altars:
Fedhas

Annotations:
D:4 2 transporters, void236's ghost, amateur FoFi
D:5 Menkaure


Innate Abilities, Weirdness & Mutations

Your demonic aura sometimes causes spilled blood to erupt in flames.
You have a small tail.
You have a pair of small horns on your head.
Your body sometimes deteriorates upon taking damage.
You are dopey. (Int -2)
You occasionally lose the ability to drink potions when taking damage.


Message History

The dart slug launches a dart at you. The slug dart hits you.
As you read the scroll labelled QUSOAQ GAAS, it crumbles to dust.
You feel aware of your surroundings.
You sensed 2 altars, and 1 shop/portal.
It was a scroll of magic mapping.
The centaur barely misses you.
The centaur kicks you but does no damage.
As you read the scroll labelled RAMIMYMMIO, it crumbles to dust.
You feel strangely unstable.
It was a scroll of teleportation.
The centaur closely misses you. The centaur misses you.
The dart slug bites you but does no damage.
The centaur hits you. The centaur kicks you.
You shoot a sling bullet.
The sling bullet barely misses the centaur.
The centaur misses you. The centaur closely misses you.
The dart slug launches a dart at you. The slug dart misses you.
You shoot a sling bullet.
The sling bullet closely misses the centaur.
The centaur barely misses you. The centaur closely misses you. x2
The centaur misses you. The dart slug closely misses you.
You shoot a sling bullet. The sling bullet hits the centaur.
The centaur is moderately wounded.
The centaur hits you. The centaur kicks you.
The centaur hits you but does no damage.
The centaur kicks you but does no damage.
You shoot a sling bullet.
The sling bullet hits the centaur but does no damage.
The centaur is moderately wounded.
Your surroundings seem slightly different.
Menkaure, Prince of Dust comes into view.
Found 11 gold pieces.
The centaur wields a +0 shortbow.
The centaur shoots an arrow.
The arrow hits you.
The centaur shoots an arrow.
The arrow hits you!
You feel threatened and lose the ability to drink potions!
Menkaure shouts!
The centaur shoots an arrow.
The arrow hits you!
* * * LOW HITPOINT WARNING * * *
Menkaure wails, "Why can't you leave me to my rest?"
The centaur shoots an arrow.
The arrow hits you!
You die...

#####.##..######.#*,,,,,,*~~~~~
*#.##.c..!.....,,,.,,,*~,,,,
****..##...#####..,,..,,,*~,,~,
*,,..###......#####.#.*,,*~,,,,
*,w..,..#.............,,,*~,,~,
*..PPP.P.......M....$.,,,*~,,,,
##.P.P.P##.##....#**,,,*,*~~~,~
*,PP_PP*#.##.#####...,,,****+*
*,,PP,,*#.##.@.......,,,,* *,,
*,,,,,,,*,*#######...,,,** *,,
*,,,,,,,,,,,,,,,,,,,,,*,* *,*
***********************,* *,*
*,* *,* *,* *,, *,* *,,
*,****,, *,,,,,,,


You could see a centaur.

Vanquished Creatures
  A hound (D:4)
  3 gnolls
  4 adders
  An ufetubus (D:4)
  A worm (D:2)
  2 dart slugs
  An orc (D:4)
  6 bats
  4 endoplasms
  2 giant cockroaches (D:2)
  7 goblins
  5 hobgoblins
  6 jackals (D:4)
  3 kobolds
  2 quokkas
  7 ball pythons
  2 frilled lizards
  6 rats
63 creatures vanquished.

Notes
Turn   | Place    | Note
-------+----------+-------------------------------------------
     0 | D:1      | FlurksSlurper the Demonspawn Hexslinger began the quest for
                  | the Orb.
     0 | D:1      | Reached XP level 1. HP: 15/15 MP: 2/2
   386 | D:1      | Gained mutation: Your demonic aura sometimes causes spilled
                  | blood to erupt in flames. [demonic ancestry]
   386 | D:1      | Reached XP level 2. HP: 21/21 MP: 3/3
   468 | D:1      | Found a faded altar of an unknown god.
   715 | D:2      | Gained mutation: You have a small tail. [demonic ancestry]
   715 | D:2      | Reached XP level 3. HP: 26/26 MP: 4/4
  1558 | D:3      | Identified the staff of earth "Raquo" {rElec Str+3}
  1577 | D:3      | Reached XP level 4. HP: 32/32 MP: 5/5
  2104 | D:4      | Found a transporter.
  2200 | D:4      | Noticed void236's ghost (amateur FoFi)
  2200 | D:4      | Noticed a steam dragon
  2294 | D:4      | Found a transporter.
  2664 | D:4      | Reached XP level 5. HP: 30/38 MP: 7/7
  2890 | D:5      | Entered Level 5 of the Dungeon
  2908 | D:5      | Found a blossoming altar of Fedhas.
  2909 | D:5      | Noticed a centaur
  2923 | D:5      | Gained mutation: Your body sometimes deteriorates upon
                  | taking damage. [potion of mutation]
  2923 | D:5      | Gained mutation: You are dopey. (Int -2) [potion of
                  | mutation]
  2923 | D:5      | Gained mutation: You occasionally lose the ability to drink
                  | potions when taking damage. [potion of mutation]
  2923 | D:5      | Gained mutation: You have a pair of small horns on your
                  | head. [potion of mutation]
  2931 | D:5      | Noticed Menkaure
  2933 | D:5      | Shot with an arrow by a centaur

Illustrated notes

Levels and vault maps discovered:
D:1:      lightli_arrival_boilingwater, layout_basic,
          nicolae_ecumenical_snake_handling, serial_bayou_crossing
D:2:      layout_loops_ring
D:3:      layout_basic
D:4:      layout_cave_pools, gammafunk_ghost_arena
D:5:      due_chaos_kobolds, layout_loops_ring, grunt_qazlal_sundering,
          fedhas_bush_and_centaur_altar, kennysheep_generic_room_11,
          uniq_menkaure

Skill      XL: |  1  2  3 |
---------------+----------+-----
Ranged Weapons | 2 3 |  3.7
Fighting       | |  1.9
Dodging        | |  1.9
Stealth        | |  0.2
Spellcasting   | |  1.8
Hexes          | |  3.8

Action                     |  1- 3 |  4- 6 || total
---------------------------+-------+-------++-------
   Fire: Sling             |   128 |   114 ||   242
   Cast: Slow              |     1 |       ||     1
    Use: Potion            |       |     4 ||     4
         Scroll            |       |     2 ||     2
 Armour: Robe              |    12 |    22 ||    34
  Dodge: Dodged            |    29 |    95 ||   124

Table legend: (Time is in decaauts)
 A = Elapsed time spent in this place.
 B = Non-inter-level travel time spent in this place.
 C = Inter-level travel time spent in this place.
 D = Time resting spent in this place.
 E = Time spent auto-exploring this place.
 F = Levels seen in this place.
 G = Mean time per level.
                   A        B        C        D        E       F      G
               +--------+--------+--------+--------+--------+-----+--------+
         Total |   3006 |   2875 |    131 |    307 |   2013 |   5 |  601.2 |
       Dungeon |   3006 |   2875 |    131 |    307 |   2013 |   5 |  601.2 |
               +--------+--------+--------+--------+--------+-----+--------+

Top non-repeatable levels by time:
     D:2: 792 daAuts
     D:4: 749 daAuts
     D:1: 723 daAuts
     D:3: 697 daAuts
     D:5: 44 daAuts
